 Dungeon Crawl Stone Soup version 0.31-a0-948-gf5be29c462 (webtiles) character file.

Game seed: 1166643889051311068

11316 BinkBink the Blocker (level 12, -2/96 HPs)
             Began as a Formicid Fighter on Oct 21, 2023.
             Was a High Priest of Okawaru.
             Slain by a two-headed ogre
             ... wielding a +0 giant spiked club
              (24 damage)
             ... on level 10 of the Dungeon.
             The game lasted 00:24:39 (10007 turns).

BinkBink the Blocker (Formicid Fighter)            Turns: 10007, Time: 00:24:39

Health: -2/96      AC:  7    Str: 23    XL:     12   Next: 6%
Magic:  12/12      EV: 15    Int:  9    God:    Okawaru [*****.]
Gold:   585        SH:  8    Dex: 15    Spells: 11/11 levels left

rFire   . . .        I - +6 dire flail
rCold   . . .        c - +1 buckler
rNeg    . . .        K - +5 robe of the First Teeth {Fly rPois}
rPois   +            (helmet unavailable)
rElec   .            (no cloak)
rCorr   +            (no gloves)
SInv    +            (no boots)
Will    +....        h - amulet of regeneration
Stlth   +            i - ring of resist corrosion
HPRegen 1.16/turn    (no ring)
MPRegen 0.13/turn

%: no passive effects
@: flying
A: permanent stasis, dig shafts and tunnels, antennae 3, four strong arms
a: Dig, Shaft Self, Renounce Religion, Heroism, Finesse, Duel


You were on level 10 of the Dungeon.
You worshipped Okawaru.
Okawaru was extremely pleased with you.
You visited 1 branch of the dungeon, and saw 10 of its levels.
You also visited: Ossuary and Bailey.

You collected 585 gold pieces.

Inventory:

Hand Weapons
 a - a +3 battleaxe of freezing
 f - the +2 hand axe "Voemat" {heavy, rElec rF+ Str-4}
   (You found it on level 8 of the Dungeon)

   Str-4:     It affects your strength (-4).
   rF+:       It protects you from fire.
   rElec:     It insulates you from electricity.
 I - a +6 dire flail (weapon)
Missiles
 P - a throwing net
Armour
 c - a +1 buckler (worn)
 K - the +5 robe of the First Teeth (worn) {Fly rPois}
   (You found it on level 8 of the Dungeon)

   rPois:     It protects you from poison Fly: It grants you flight.
Jewellery
 h - an amulet of regeneration (around neck)
 i - a ring of resist corrosion (left hand)
 q - an amulet of guardian spirit
 F - a ring of protection from cold
Wands
 j - a wand of flame (38)
 E - a wand of digging (5)
 G - a wand of polymorph (6)
 L - a wand of paralysis (23)
Scrolls
 b - a scroll of amnesia
 e - a scroll of identify
 g - 4 scrolls of blinking
 k - 5 scrolls of immolation
 m - a scroll of vulnerability
 n - 4 scrolls of teleportation
 o - 4 scrolls of poison
 p - 3 scrolls of revelation
 s - 3 scrolls of fog
 t - 3 scrolls of enchant armour
 w - 2 scrolls of butterflies
 y - 4 scrolls of noise
Potions
 d - 3 potions of might
 l - 4 potions of lignification
 r - 2 potions of cancellation
 v - 2 potions of heal wounds
 x - 4 potions of brilliance
 z - 3 potions of mutation
 A - 2 potions of degeneration
 D - 2 potions of attraction
 M - a potion of haste
 N - a potion of resistance
 O - a potion of curing


   Skills:
 + Level 9.4 Fighting
 - Level 2.0 Long Blades
 * Level 1.7(6.0) Axes
 - Level 7.8(7.9) Maces & Flails
 - Level 4.6(4.8) Polearms
 + Level 9.4 Armour
 + Level 7.0 Dodging
 + Level 11.0 Shields


You had 11 spell levels left.
You didn't know any spells.
Your spell library contained the following spells:

 Spells                   Type           Power      Damage    Failure   Level
 Cigotuvi's Dreadful Rot  Necr/Pois/Air  0%         N/A       56%         2
 Static Discharge         Conj/Air       0%         3-3/arc   56%         2
 Frozen Ramparts          Ice            0%         1d1       80%         3
 Stone Arrow              Conj/Erth      0%         3d7       80%         3
 Airstrike                Air            0%         2d(0-16)  99%         4
 Brom's Barrelling Bould  Conj/Erth      0%         2d3       99%         4
 Dispel Undead            Necr           0%         3d6       99%         4
 Petrify                  Tmut/Erth      0%         N/A       99%         4
 Fireball                 Conj/Fire      0%         3d3       100%        5
 Iskenderun's Battlesphe  Conj           0%         2d6       100%        5
 Metabolic Englaciation   Hex/Ice        0%         N/A       100%        5
 Bombard                  Conj/Erth      0%         9d1       100%        6
 Conjure Ball Lightning   Conj/Air       0%         3x3d6     100%        6
 Orb of Destruction       Conj           0%         9d5       100%        7
 Lehudib's Crystal Spear  Conj/Erth      0%         10d2      100%        8
 Animate Armour           Summ/Erth      Unusable   N/A       N/A         4
 Summon Lightning Spire   Summ/Air       Unusable   N/A       N/A         4
 Death Channel            Necr           Unusable   N/A       N/A         6
 Spellforged Servitor     Conj/Summ      Unusable   N/A       N/A         7

Dungeon Overview and Level Annotations

Branches:
Dungeon (10/15)            Temple (0/1) D:7            Lair (0/5) D:9
Ossuary (visited)          Bailey (visited)
    Orc: D:9-12

Altars:
Ashenzari
Cheibriados
Elyvilon
Fedhas
Okawaru
Sif Muna
Uskayaw
Xom
Yredelemnul
Zin
The Shining One

Shops:
D:4 *   D:5 *

Annotations:
D:5 2 transporters, ongoing's ghost, amateur GnHu


Innate Abilities, Weirdness & Mutations

You cannot be hasted, slowed, berserked, paralysed or teleported.
You can dig through walls and to a lower floor.
You have a pair of large antennae on your head. (SInv)
Your four strong arms can wield two-handed weapons with a shield.


Message History

The two-headed ogre shouts in stereo!
There is an open door here.
There is an open door here.
You start waiting.
A two-headed ogre is nearby!
You hit the two-headed ogre.
The two-headed ogre is lightly wounded.
The two-headed ogre closely misses you. The two-headed ogre barely misses you.
You bludgeon the two-headed ogre!!
The two-headed ogre is moderately wounded.
You puncture the two-headed ogre!
The two-headed ogre is heavily wounded.
The two-headed ogre hits you with a +0 giant spiked club!!
The two-headed ogre completely misses you.
You barely miss the two-headed ogre.
The two-headed ogre is heavily wounded.
You barely miss the two-headed ogre.
The two-headed ogre is heavily wounded.
The two-headed ogre hits you with a +0 giant spiked club!!
The two-headed ogre hits you with a +0 giant club.
You hit the two-headed ogre but do no damage.
The two-headed ogre is heavily wounded.
The two-headed ogre hits you with a +0 giant spiked club!!
You block the two-headed ogre's attack.
You barely miss the two-headed ogre.
The two-headed ogre is heavily wounded.
You sock the two-headed ogre!
The two-headed ogre is severely wounded.
The two-headed ogre barely misses you. x2
You barely miss the two-headed ogre.
The two-headed ogre is severely wounded.
The two-headed ogre hits you with a +0 giant spiked club!
The two-headed ogre hits you with a +0 giant club!
* * * LOW HITPOINT WARNING * * *
You barely miss the two-headed ogre.
The two-headed ogre is severely wounded.
You completely miss the two-headed ogre.
The two-headed ogre is severely wounded.
The two-headed ogre hits you with a +0 giant spiked club!!
You die...

####...........# #......
#....#####..# #...... #....#
+..# #...... #....# #..#
#....>. ######....#
#..##########......
[.........#####...............
####..........)..............
#.......................#
#.........###@..........#
#.........#.#O..........#
#.........+.#...........#
#.........#.'...........#
#.........#.######'##...#
#.........#......O..#...#
#.........#.........#...#
#.........#...#
#.........#O..#


You could see a two-headed ogre.

Vanquished Creatures
  2 vault guards (Bailey)
  Pikel (D:9)
  A cyclops (D:9)
  Joseph (D:9)
  2 unseen horror zombies (D:9)
  Prince Ribbit (Bailey)
  11 yaks
  A shadow (D:5)
  3 humans (Bailey)
  A steam dragon (D:8)
  Menkaure (D:6)
  Edmund (D:5)
  A water moccasin (D:5)
  2 wargs (D:9)
  3 orc warriors
  A sky beast (D:7)
  2 ice beasts
  3 ogres
  6 centaurs
  2 lemures (D:9)
  2 kobold brigands
  18 bullfrogs
  2 scorpions
  A wyvern zombie (D:9)
  8 wights
  11 killer bees
  3 howler monkeys
  A lava snake (D:7)
  2 centaur zombies (D:9)
  3 jellies
  7 hounds
  3 orc priests
  3 gnoll boudas
  2 sleepcaps
  Natasha (twice) (D:2)
  4 iguanas
  9 orc wizards
  14 mummies
  2 howler monkey zombies (D:9)
  19 gnolls
  7 adders
  2 shadow imps
  3 white imps
  2 ufetubi (D:6)
  4 worms
  2 dart slugs
  51 orcs
  7 ball pythons
  6 bats
  9 endoplasms
  A giant cockroach (D:1)
  7 goblins
  7 hobgoblins
  A frilled lizard (D:3)
  3 gnoll skeletons (Ossuary)
  A goblin skeleton (Ossuary)
  14 kobolds
  2 kobold skeletons (Ossuary)
  A kobold zombie (D:5)
  2 orc skeletons (Ossuary)
  An orc zombie (D:5)
  4 rats
  11 rat skeletons (Ossuary)
  A spectral orc (D:6)
311 creatures vanquished.

Vanquished Creatures (others)
  An orc wizard (D:9)
1 creature vanquished.

Grand Total: 312 creatures vanquished

Notes
Turn   | Place    | Note
-------+----------+-------------------------------------------
     0 | D:1      | BinkBink the Formicid Fighter began the quest for the Orb.
     0 | D:1      | Reached XP level 1. HP: 18/18 MP: 1/1
   130 | D:1      | Reached XP level 2. HP: 21/24 MP: 2/2
   720 | D:1      | Reached XP level 3. HP: 29/29 MP: 3/3
  1127 | D:2      | Reached skill level 1 in Dodging
  1285 | D:2      | Noticed Natasha
  1297 | D:2      | Killed Natasha
  1298 | D:2      | Reached XP level 4. HP: 10/37 MP: 4/4
  1303 | D:2      | Noticed Natasha
  1315 | D:2      | Killed Natasha
  1758 | D:3      | Reached XP level 5. HP: 40/42 MP: 5/5
  2055 | D:3      | Reached skill level 5 in Shields
  2458 | D:3      | Found a blossoming altar of Fedhas.
  2518 | D:4      | Noticed a centaur
  2689 | D:4      | Reached XP level 6. HP: 49/49 MP: 6/6
  2897 | D:4      | Found a snail-covered altar of Cheibriados.
  2913 | D:4      | Found a broken altar of Ashenzari.
  2942 | D:4      | Reached skill level 1 in Polearms
  3199 | D:4      | Reached XP level 7. HP: 49/55 MP: 7/7
  3336 | D:4      | Found Lodwesik's General Store.
  3345 | D:4      | Reached skill level 6 in Shields
  3352 | D:4      | Reached skill level 5 in Armour
  3399 | D:4      | Reached skill level 5 in Fighting
  3644 | D:5      | Entered Level 5 of the Dungeon
  3704 | D:5      | Found a sand-covered staircase.
  3713 | Ossuary  | Entered an ossuary
  3887 | Ossuary  | Reached XP level 8. HP: 61/62 MP: 8/8
  4297 | D:5      | Found a transporter.
  4301 | D:5      | Found a transporter.
  4301 | D:5      | Noticed ongoing's ghost (amateur GnHu)
  4742 | D:5      | Reached skill level 7 in Shields
  4824 | D:5      | Found a hide-covered altar of Uskayaw.
  4867 | D:5      | Noticed Edmund
  4879 | D:5      | Killed Edmund
  4880 | D:5      | Reached XP level 9. HP: 69/69 MP: 9/9
  5075 | D:5      | Found Xojie's Overcharged Wands.
  5166 | D:5      | Reached skill level 8 in Shields
  6159 | D:6      | Reached skill level 1 in Maces & Flails
  6186 | D:6      | Found an iron altar of Okawaru.
  6186 | D:6      | Found a shimmering altar of Xom.
  6187 | D:6      | Found a shimmering blue altar of Sif Muna.
  6241 | D:6      | Became a worshipper of Warmaster Okawaru
  6288 | D:6      | Found a basalt altar of Yredelemnul.
  6392 | D:6      | Noticed Menkaure
  6417 | D:6      | Killed Menkaure
  6418 | D:6      | Reached skill level 5 in Dodging
  6620 | D:6      | Found a white marble altar of Elyvilon.
  6621 | D:6      | Found a glowing golden altar of the Shining One.
  6622 | D:6      | Found a glowing silver altar of Zin.
  6692 | D:6      | Reached XP level 10. HP: 61/79 MP: 10/10
  6885 | D:7      | Reached * piety under Okawaru
  7048 | D:7      | Reached skill level 9 in Shields
  7288 | D:7      | Found a staircase to the Ecumenical Temple.
  7790 | D:8      | Identified the +5 robe of the First Teeth {Fly rPois}
  7865 | D:8      | Reached ** piety under Okawaru
  8100 | D:8      | Identified the +0 robe "Daan" {Harm rN+}
  8126 | D:8      | Found a flagged portal.
  8132 | D:8      | Identified the +2 hand axe "Voemat" {heavy, rElec rF+
                  | Str-4}
  8139 | Bailey   | Entered a bailey
  8199 | Bailey   | Reached skill level 5 in Maces & Flails
  8265 | Bailey   | Noticed a vault guard
  8277 | Bailey   | Killed a vault guard
  8277 | Bailey   | Reached *** piety under Okawaru
  8278 | Bailey   | Reached XP level 11. HP: 41/87 MP: 11/11
  8406 | Bailey   | Reached skill level 10 in Shields
  8451 | Bailey   | Noticed Prince Ribbit
  8451 | Bailey   | Noticed a vault guard
  8517 | Bailey   | Killed Prince Ribbit
  8529 | Bailey   | Killed a vault guard
  8529 | Bailey   | Reached **** piety under Okawaru
  8803 | D:9      | Noticed Joseph
  8893 | D:9      | Noticed Pikel
  8938 | D:9      | Killed Pikel
  8993 | D:9      | Killed Joseph
  9292 | D:9      | Found a staircase to the Lair.
  9490 | D:9      | Noticed a cyclops
  9507 | D:9      | Killed a cyclops
  9507 | D:9      | Reached ***** piety under Okawaru
  9817 | D:10     | Entered Level 10 of the Dungeon
  9847 | D:9      | Reached skill level 1 in Axes
  9847 | D:9      | Reached XP level 12. HP: 82/95 MP: 12/12
  9872 | D:9      | Received a gift from Okawaru
  9891 | D:10     | Reached skill level 11 in Shields
  9978 | D:10     | Noticed a two-headed ogre
 10007 | D:10     | Slain by a two-headed ogre

Illustrated notes

Levels and vault maps discovered:
D:1:      elethiomel_arrival_infinity_welcomes_careful_drivers, layout_basic,
          nicolae_hexahallways, minmay_misc_feat_nine_boxes,
          minmay_misc_feat_encased
D:2:      layout_basic, uniq_natasha
D:3:      layout_loops_ring, fedhas_altar_fruit_tree, small_statue_intersection,
          kennysheep_cross_room
D:4:      layout_loops_ring, mainiacjoe_overflow_swirl, minivault_14,
          kennysheep_windowed_goal
D:5:      cheibrodos_two_vegetables, layout_basic, mainiacjoe_overflow_24_doors,
          gammafunk_ghost_arena, nicolae_ossuary_entry_giza,
          nicolae_shop_overcharged_wands, uniq_edmund
D:6:      layout_loops_ring, good_gods_temple_1,
          yredelemnul_forgotten_temple_becter, gammafunk_temple_overflow_claw,
          uniq_menkaure
D:7:      layout_loops_cross, minmay_temple_entry_large_hall,
          kennysheep_big_empty_room, minmay_between
D:8:      layout_basic, enter_bailey_2
D:9:      layout_loops_ring, erik_lair_orcish_takeover, serial_undead,
          serial_undead_c, serial_undead_d, serial_undead_b, serial_undead_d,
          minivault_11, uniq_prince_ribbit1, uniq_joseph, uniq_pikel
D:10:     layout_irregular_city, serial_shops, nicolae_shop_crystal

Skill      XL: |  1  2  3  4  5  6  7  8  9 10 11 12 |
---------------+-------------------------------------+-----
Dodging        | 1 2 3 4 5 6 7 |  7.0
Fighting       | 4 5 6 7 8 9 |  9.4
Armour         | 4 5 6 7 8 9 |  9.4
Shields        | 5 6 7 8 9 10 11 | 11.0
Polearms       | 1 2 3 4 |  4.6
Maces & Flails | 2 5 7 |  7.8
Axes           | 1 |  1.7
Long Blades    | |  2.0

Action                     |  1- 3 |  4- 6 |  7- 9 | 10-12 || total
---------------------------+-------+-------+-------+-------++-------
  Melee: Long sword        |    79 |   100 |       |       ||   179
         Spear             |       |   101 |   331 |       ||   432
         Unarmed           |       |       |     9 |       ||     9
         Dire flail        |       |       |    86 |   490 ||   576
    Use: Potion            |       |     1 |     5 |     3 ||     9
         Scroll            |       |       |    23 |     2 ||    25
   Stab: Paralysed         |       |       |       |     1 ||     1
 Armour: Scale mail        |    57 |   158 |   272 |    28 ||   515
         Skin              |       |       |     1 |       ||     1
         Robe              |       |       |       |   234 ||   234
         Plate armour      |       |       |       |    43 ||    43
  Dodge: Dodged            |    46 |   112 |   230 |   328 ||   716
  Block: Buckler           |    24 |    58 |   144 |   198 ||   424

Table legend: (Time is in decaauts)
 A = Elapsed time spent in this place.
 B = Non-inter-level travel time spent in this place.
 C = Inter-level travel time spent in this place.
 D = Time resting spent in this place.
 E = Time spent auto-exploring this place.
 F = Levels seen in this place.
 G = Mean time per level.
                   A        B        C        D        E       F      G
               +--------+--------+--------+--------+--------+-----+--------+
         Total |  10337 |   9781 |    556 |   1345 |   5573 |  12 |  861.4 |
       Dungeon |   9440 |   8884 |    556 |   1230 |   5285 |  10 |  944.0 |
       Ossuary |    424 |    424 |      0 |      0 |    225 |   1 |  424.0 |
        Bailey |    471 |    471 |      0 |    115 |     63 |   1 |  471.0 |
               +--------+--------+--------+--------+--------+-----+--------+

Top non-repeatable levels by time:
     D:5: 1925 daAuts
     D:4: 1259 daAuts
     D:9: 1035 daAuts
     D:1: 976 daAuts
     D:7: 963 daAuts
     D:3: 915 daAuts
     D:6: 809 daAuts
     D:2: 774 daAuts
     D:8: 643 daAuts
  Bailey: 471 daAuts
 Ossuary: 424 daAuts
    D:10: 136 daAuts
